 Dungeon Crawl Stone Soup version 0.28.0 (webtiles) character file.

Game seed: 11627593987762193735

37 Ayyar the Protected (level 3, -3/25 HPs)
             Began as a Gnoll Wanderer on Mar 31, 2022.
             Was a Follower of Wu Jian.
             Killed by divine providence
             ... invoked by an orc priest
              (13 damage)
             ... on level 2 of the Dungeon.
             The game lasted 00:05:04 (1092 turns).

Ayyar the Protected (Gnoll Wanderer)                Turns: 1092, Time: 00:05:04

Health: -3/25      AC:  8    Str: 11    XL:     3   Next: 41%
Magic:  4/4        EV:  9    Int:  8    God:    Wu Jian [*.....]
Gold:   55         SH:  5    Dex: 16    Spells: 3/3 levels left

rFire   . . .      SeeInvis .   a - +0 hunting sling
rCold   . . .      Faith    .   (no shield)
rNeg    . . .      Spirit   .   e - +0 scale mail
rPois   .          Reflect  +   (no helmet)
rElec   .          Harm     .   (no cloak)
rCorr   .          Rampage  .   (no gloves)
Will    .....                   (no boots)
Stlth   ..........              h - amulet of reflection
HPRegen 0.08/turn               (no ring)
MPRegen 0.09/turn               (no ring)

@: no status effects
A: fangs 1, strong nose, distributed training
a: Renounce Religion


You were on level 2 of the Dungeon.
You worshipped Wu Jian.
Wu Jian was aware of your devotion.
You visited 1 branch of the dungeon, and saw 2 of its levels.

You collected 55 gold pieces.

Inventory:

Hand Weapons
 a - a +0 hunting sling (weapon)
Missiles
 d - 22 sling bullets (quivered ammo)
 f - 13 stones
Armour
 e - a +0 scale mail (worn)
Jewellery
 h - an amulet of reflection (around neck)
Potions
 b - a potion of berserk rage
 c - a potion of heal wounds
 g - a potion of degeneration {unknown}
 i - a potion of cancellation {unknown}


   Skills:
 + Level 0.8 Fighting
 + Level 0.8 Short Blades
 + Level 0.8 Long Blades
 + Level 0.8 Axes
 + Level 0.8 Maces & Flails
 + Level 0.8 Polearms
 + Level 0.8 Staves
 + Level 2.6 Slings
 + Level 0.8 Bows
 + Level 0.8 Crossbows
 + Level 2.6 Throwing
 + Level 8.5 Armour
 + Level 0.8 Dodging
 + Level 0.8 Stealth
 + Level 0.8 Shields
 + Level 6.5 Unarmed Combat
 + Level 0.8 Spellcasting
 + Level 0.5 Conjurations
 + Level 0.5 Hexes
 + Level 0.5 Summonings
 + Level 0.5 Necromancy
 + Level 0.5 Translocations
 + Level 0.5 Transmutations
 + Level 0.5 Fire Magic
 + Level 0.5 Ice Magic
 + Level 0.5 Air Magic
 + Level 0.5 Earth Magic
 + Level 0.5 Poison Magic
 + Level 1.0 Invocations
 + Level 2.6 Evocations


You had 3 spell levels left.
You didn't know any spells.
Your spell library was empty.

Dungeon Overview and Level Annotations

Branches:
Dungeon (2/15)

Altars:
Wu Jian

Shops:
D:2 =


Innate Abilities, Weirdness & Mutations

You have very sharp teeth.
Your uncanny sense of smell can sniff out nearby items.
Your experience applies equally to all skills.


Message History

Things that are here:
a sling bullet; a +0 dagger
Things that are here:
a sling bullet; a +0 dagger
d - 16 sling bullets (gained 1)
d - 18 sling bullets (gained 2)
Things that are here:
a +0 club; an orc corpse
d - 21 sling bullets (gained 3)
Things that are here:
a +0 falchion; a +0 leather armour; an orc corpse
d - 22 sling bullets (gained 1)
d - 23 sling bullets (gained 1)
d - 24 sling bullets (gained 1)
d - 25 sling bullets (gained 1)
d - 26 sling bullets (gained 1)
You see here a sling bullet.
You shoot a sling bullet.
The sling bullet hits the orc priest but does no damage.
You shoot a sling bullet.
The sling bullet barely misses the orc priest.
The orc priest invokes the aid of Beogh against you.
Beogh smites you!
Ouch! That really hurt!
You are too injured to fight recklessly!
You are too injured to fight recklessly!
Fire: 24 sling bullets
Press: ? - help, Shift-Dir - straight line, f/p - orc priest
Aim: an orc priest, wielding a +0 dagger and wearing a +0 chain mail (68% to hit)
You shoot a sling bullet. The sling bullet hits the orc priest.
The orc priest is moderately wounded.
Fire: 23 sling bullets
Press: ? - help, Shift-Dir - straight line, f/p - orc priest
Aim: an orc priest, wielding a +0 dagger and wearing a +0 chain mail (moderately wounded, 68% to hit)
You shoot a sling bullet. The sling bullet hits the orc priest.
The orc priest is heavily wounded.
The orc priest invokes the aid of Beogh against you.
Beogh smites you!
Ouch! That really hurt!
You die...

#.......#
#..#######..#
#..#...#..##)## $⌠o# #
#..#♣.8#..##.##(....##
####...#..##.#......(#
#8.8#..##.#.≈...≈.#
#...# .##.#.......#
#8.8# #.#.......#
#...# #.#(......#
#♣.♣# #@#.≈...≈.#
#.#.......#
#.o.(......
####....... ∆ ..####.
#.# .# .# .#.


You could see an orc priest.

Vanquished Creatures
  An adder (D:2)
  A worm (D:2)
  3 orcs (D:2)
  An endoplasm (D:1)
  2 giant cockroaches
  A hobgoblin (D:1)
  A ball python (D:1)
  5 bats
  A frilled lizard (D:1)
  3 goblins
  A kobold (D:1)
  3 rats (D:1)
23 creatures vanquished.

Notes
Turn   | Place    | Note
-------+----------+-------------------------------------------
     0 | D:1      | Ayyar the Gnoll Wanderer began the quest for the Orb.
     0 | D:1      | Ayyar set off with the following items: a +0 hunting sling,
                  | a potion of berserk rage, a potion of heal wounds, 21 sling
                  | bullets, a +0 scale mail
     0 | D:1      | Reached XP level 1. HP: 13/13 MP: 1/1
   266 | D:1      | Reached XP level 2. HP: 19/19 MP: 2/2
   732 | D:2      | Reached XP level 3. HP: 25/25 MP: 3/3
   953 | D:2      | Found a faded altar of an unknown god.
   957 | D:2      | Prayed at the altar of an unknown god.
   957 | D:2      | Became a worshipper of the Wu Jian Council
   957 | D:2      | Reached * piety under Wu Jian
   997 | D:2      | Found Ofoyr's Jewellery Emporium.
  1062 | D:2      | Reached skill level 1 in Invocations
  1092 | D:2      | Killed from afar by an orc priest

Illustrated notes

Levels and vault maps discovered:
D:1:      erik_arrival_triangle_small, layout_basic
D:2:      cheibrodos_pilgrimage, layout_basic, serial_shops, shop,
          shapermc_ecumenical_altar_mp_highgroup, basic_altar, serial_aquarium,
          aquarium_bridge_square [aquarium_subvault_balcony,
          aquarium_subvault_bridge, aquarium_subvault_bridge,
          aquarium_subvault_bridge], aquarium_window_corridor_2,
          aquarium_window_2, aquarium_window_corner, aquarium_window_2,
          aquarium_view_2a, aquarium_pool_2, chequers_avenue,
          serial_park_tiny_pond, serial_park_tiny_pond

Skill      XL: |  1  2  3 |
---------------+----------+-----
Invocations    | 1 |  1.0
Fighting       | |  0.8
Short Blades   | |  0.8
Long Blades    | |  0.8
Axes           | |  0.8
Maces & Flails | |  0.8
Polearms       | |  0.8
Staves         | |  0.8
Slings         | |  2.6
Bows           | |  0.8
Crossbows      | |  0.8
Throwing       | |  2.6
Armour         | |  8.5
Dodging        | |  0.8
Stealth        | |  0.8
Shields        | |  0.8
Unarmed Combat | |  6.5
Spellcasting   | |  0.8
Conjurations   | |  0.5
Hexes          | |  0.5
Summonings     | |  0.5
Necromancy     | |  0.5
Translocations | |  0.5
Transmutations | |  0.5
Fire Magic     | |  0.5
Ice Magic      | |  0.5
Air Magic      | |  0.5
Earth Magic    | |  0.5
Poison Magic   | |  0.5
Evocations     | |  2.6

Action                   || total
-------------------------++-------
Melee: Hunting sling     ||     1
       Bite              ||     1
 Fire: Hunting sling     ||   102
Armor: Scale mail        ||    16
Dodge: Dodged            ||    16
Block: Other             ||     6
